 Dungeon Crawl Stone Soup version 0.29.0-11-gd7f09526c8 (webtiles) character file.

Game seed: 18328360780568478117

11 blackman the Sneak (level 2, 0/24 HPs)
             Began as a Demonspawn Delver on Sept 4, 2022.
             Succumbed to an adder's poison
             ... on level 6 of the Dungeon.
             The game lasted 00:01:21 (210 turns).

blackman the Sneak (Demonspawn Delver)               Turns: 210, Time: 00:01:22

Health: 0/24       AC:  3    Str:  9 (12) XL:     2   Next: 13%
Magic:  2/2        EV: 11    Int: 10 (11) God:
Gold:   0          SH:  0    Dex: 11 (14) Spells: 1/1 levels left

rFire   . . .      SeeInvis .   e - +2 dagger (vamp)
rCold   . . .      Faith    .   (no shield)
rNeg    . . .      Spirit   .   a - +0 leather armour
rPois   .          Reflect  .   (no helmet)
rElec   .          Harm     .   (no cloak)
rCorr   .          Rampage  .   (no gloves)
Will    .....                   (no boots)
Stlth   ++........              (no amulet)
HPRegen 0.08/turn               (no ring)
MPRegen 0.16/turn               (no ring)

@: lethally poisoned (0 -> -1)
A: magic regeneration
a: no special abilities


You were on level 6 of the Dungeon.
You visited 1 branch of the dungeon, and saw 2 of its levels.

Inventory:

Hand Weapons
 e - a +2 vampiric dagger (weapon)
Armour
 a - a +0 leather armour (worn)
Wands
 f - a wand of digging (2)
Scrolls
 b - a scroll of fog
 c - a scroll of magic mapping
 d - a scroll of fear


   Skills:
 - Level 3.0 Fighting
 * Level 1.6 Throwing
 - Level 1.7 Dodging
 - Level 4.5 Stealth
 - Level 1.7 Unarmed Combat


You had one spell level left.
You didn't know any spells.
Your spell library was empty.

Dungeon Overview and Level Annotations

Branches:
Dungeon (6/15)
 Temple: D:4-7

Altars:

Annotations:
D:5 Eustachio


Innate Abilities, Weirdness & Mutations

You regenerate magic rapidly.


Message History

You feel sick. The adder bites you. The adder closely misses you.
You completely miss the adder.
The adder is moderately wounded.
You feel sick. The adder barely misses you.
You hit the adder.
You feel better.
The adder is severely wounded.
You feel sick. The adder bites you.
You barely miss the adder.
The adder is severely wounded.
You feel sick.
You are no longer poisoned.
The adder bites you.
* * * LOW HITPOINT WARNING * * *
The adder closely misses you.
You hit the adder.
You feel better.
Your punch misses the adder.
The adder is almost dead.
The adder bites you.
* * * LOW HITPOINT WARNING * * *
You are lethally poisoned!
The adder poisons you!
You hit the adder.
You feel better.
You kill the adder!
* * * LOW HITPOINT WARNING * * *
You feel sick.
Your Throwing skill increases to level 1!
You have reached level 2!
Your demonic ancestry asserts itself...
Your magic begins to regenerate rapidly.
There is a lethal amount of poison in your body!
It was a potion of degeneration.
There was something very wrong with that liquid.
You feel weakened.
You feel dopey.
You feel clumsy.
* * * LOW HITPOINT WARNING * * *
You feel sick.
There is a lethal amount of poison in your body!
* * * LOW HITPOINT WARNING * * *
You feel sick.
* * * LOW HITPOINT WARNING * * *
You feel sick.
You die...

###### #....#
...######....#####
.......@........<.
.#.######....###
#.........#
#.#.#.#####
#.#...# #####.#
####.# #....#
#.####


There were no monsters in sight!

Vanquished Creatures
  An adder (D:6)
  An orc (D:6)
2 creatures vanquished.

Notes
Turn   | Place    | Note
-------+----------+-------------------------------------------
     0 | D:5      | blackman the Demonspawn Delver began the quest for the Orb.
     0 | D:5      | Reached XP level 1. HP: 18/18 MP: 1/1
     3 | D:5      | Noticed Eustachio
     6 | D:5      | Noticed a quasit
    31 | D:5      | Noticed an ogre
    33 | D:5      | Noticed a scorpion
   207 | D:6      | Reached skill level 1 in Throwing
   207 | D:6      | Gained mutation: You regenerate magic rapidly. [demonic
                  | ancestry]
   207 | D:6      | Reached XP level 2. HP: 4/24 MP: 2/2
   209 | D:6      | HP: 1/24 [poisoned by an adder]
   210 | D:6      | Succumbed to an adder's poison

Illustrated notes

Levels and vault maps discovered:
D:5:      layout_loops_ring, uniq_eustachio, uniq_menkaure
D:6:      layout_basic, lemuel_round_altar

Skill      XL: |  1 |
---------------+----+-----
Throwing       | 1 |  1.6
Fighting       | |  3.0
Dodging        | |  1.7
Stealth        | |  4.5
Unarmed Combat | |  1.7

Action                   || total
-------------------------++-------
Melee: Dagger            ||    15
Evoke: Wand              ||     1
  Use: Potion            ||     2
Armor: Leather armour    ||    10
Dodge: Dodged            ||    17
